 Dungeon Crawl Stone Soup version 0.28-a0-1080-g05a166d0ed (webtiles) character file.

Game seed: 18058619202163694947

1395 ytrimaz the Insei (level 8, -5/54 HPs)
             Began as an Octopode Transmuter on Dec 10, 2021.
             Slain by a kobold brigand (14 damage)
             ... on level 6 of the Dungeon.
             The game lasted 00:09:10 (6193 turns).

ytrimaz the Insei (Octopode Transmuter)             Turns: 6193, Time: 00:09:11

Health: -5/54      AC:  9    Str: 10    XL:     8   Next: 68%
Magic:  12/15      EV: 13    Int: 17    God:
Gold:   1497       SH:  0    Dex: 12    Spells: 11/17 levels left

rFire   + . .      SeeInvis .     - Unarmed
rCold   . . .      Faith    .   (no shield)
rNeg    . . .      Spirit   .   (helmet restricted)
rPois   .          Reflect  .   n - amulet of regeneration
rElec   .          Harm     .   k - ring of protection from fire
rCorr   .          Rampage  .   l - +4 ring of protection
Will    .....                   i - ring of flight
Stlth   ++........              r - +4 ring of protection
HPRegen 0.98/turn               (no ring)
MPRegen 0.14/turn               (no ring)
                                (no ring)
                                (no ring)

@: lethally poisoned (-5 -> -5), wereblooded, flying
A: almost no armour, amphibious, 8 rings, camouflage 1, gelatinous body 1,
(nimble swimmer 1), tentacles
a: no special abilities


You were on level 6 of the Dungeon.
You visited 1 branch of the dungeon, and saw 6 of its levels.
You also visited: Ossuary.

You collected 1497 gold pieces.

Inventory:

Jewellery
 i - a ring of flight (on tentacle)
 k - a ring of protection from fire (left tentacle)
 l - a +4 ring of protection (right tentacle)
 n - an amulet of regeneration (around mantle)
 r - a +4 ring of protection (on tentacle)
Wands
 b - a wand of digging (7)
 c - a wand of flame (51)
 o - a wand of polymorph (5)
 p - a wand of mindburst (19)
Scrolls
 g - 4 scrolls of teleportation
 m - a scroll of blinking
 s - a scroll of enchant armour
Potions
 a - a potion of attraction
 d - a potion of lignification {unknown}
 e - a potion of ambrosia {unknown}
 f - 2 potions of invisibility
 h - 3 potions of heal wounds
 j - a potion of brilliance {unknown}
 t - a potion of resistance {unknown}
 u - a potion of might {unknown}


   Skills:
 * Level 4.0 Fighting
 - Level 2.0 Dodging
 + Level 7.3 Unarmed Combat
 * Level 5.0 Spellcasting
 * Level 5.0 Transmutations
 - Level 0.1 Poison Magic


You had 11 spell levels left.
You knew the following spells:

 Your Spells              Type           Power      Damage    Failure   Level
a - Beastly Appendage     Tmut           42%        N/A       1%          1
b - Spider Form           Tmut/Pois      12%        N/A       16%         3
c - Wereblood             Tmut           21%        N/A       2%          2

Your spell library contained the following spells:

 Spells                   Type           Power      Damage    Failure   Level
 Animate Skeleton         Necr           8%         N/A       14%         1
 Pain                     Necr           16%        1d4       14%         1
 Vampiric Draining        Necr           4%         2d6       38%         3
 Ice Form                 Ice/Tmut       12%        N/A       45%         4
 Hailstorm                Conj/Ice       4%         3d4       80%         4
 Simulacrum               Ice/Necr       2%         N/A       100%        6


Dungeon Overview and Level Annotations

Branches:
Dungeon (6/15)            Ossuary (visited)
 Temple: D:4-7

Altars:
Dithmenos

Shops:
D:4 [


Innate Abilities, Weirdness & Mutations

You cannot wear most types of armour.
You are amphibious.
You can wear up to eight rings at the same time.
Your skin changes colour to match your surroundings (Stealth+).
Your rubbery body absorbs attacks. (AC +1, EV +1)
((You are camouflaged near water. (Stealth+)))
You have tentacles for arms and can constrict up to eight enemies at once.


Message History

You hiss as the wereblood boils in your veins!
You feel sick.
The kobold brigand unwields a +0 hand crossbow.
The kobold brigand wields a +0 whip.
The kobold brigand misses you. The kobold hits you but does no damage.
You bite the kobold brigand!
The kobold brigand looks as sick as possible!
The kobold brigand is moderately wounded.
You feel sick. The kobold closely misses you.
The kobold brigand closely misses you.
You bite the kobold brigand!
The kobold brigand looks as sick as possible!
The kobold brigand is severely wounded.
You hiss as the wereblood boils in your veins!
You feel sick. The kobold completely misses you.
The kobold brigand hits you with a +0 whip.
The kobold closely misses you.
You completely miss the kobold brigand.
The kobold brigand is severely wounded.
You feel sick.
The kobold brigand hits you but does no damage.
The kobold barely misses you.
Unknown command.
You are too injured to fight recklessly!
You hit the kobold brigand but do no damage.
The kobold brigand looks as sick as possible!
The kobold brigand is severely wounded.
You feel sick.
Unknown command.
You bite the kobold brigand!
The kobold brigand is heavily wounded.
Your transformation has ended.
You feel sick.
The kobold brigand hits you with a +0 whip!
* * * LOW HITPOINT WARNING * * *
The kobold closely misses you.
The kobold brigand hits you with a +1 whip of electrocution.
* * * LOW HITPOINT WARNING * * *
You are electrocuted!
You die...

#.......##........#
##..<..............#
#............<.....#
#..................#
########...........#
#########...# #
##...# .:. #....+
..K..##@...#
.....KKKK..#
......K....#
......'....#
.....##.....# ....#
#.....# #### #.....+
.....## .....#


You could see 2 kobold brigands and 3 kobolds.

Vanquished Creatures
  Grinder (D:3)
  A black bear (D:5)
  A hornet zombie (D:5)
  An ogre (D:5)
  A kobold brigand (D:6)
  An elf zombie (Ossuary)
  2 human zombies (Ossuary)
  A centaur zombie (Ossuary)
  2 orc priests
  3 orc wizards (D:5)
  2 iguanas (D:5)
  Natasha (thrice) (D:4)
  A scorpion zombie (D:5)
  4 hound zombies (Ossuary)
  3 mummies (Ossuary)
  Robin (D:3)
  7 gnolls
  10 adders
  3 adder skeletons
  2 adder zombies (Ossuary)
  3 dart slugs
  15 orcs
  9 bats
  4 endoplasms
  7 giant cockroaches
  A gnoll zombie (Ossuary)
  17 goblins
  4 hobgoblins (D:1)
  8 jackals
  9 kobolds
  4 quokkas (D:1)
  5 ball pythons
  5 frilled lizards
  3 goblin zombies (Ossuary)
  A hobgoblin zombie (Ossuary)
  4 jackal zombies (Ossuary)
  6 kobold zombies (Ossuary)
  An orc zombie (Ossuary)
  3 quokka zombies (Ossuary)
  2 rats
  4 rat zombies (Ossuary)
165 creatures vanquished.

Notes
Turn   | Place    | Note
-------+----------+-------------------------------------------
     0 | D:1      | ytrimaz the Octopode Transmuter began the quest for the
                  | Orb.
     0 | D:1      | Reached XP level 1. HP: 13/13 MP: 3/3
   251 | D:1      | Reached XP level 2. HP: 5/18 MP: 5/5
  1032 | D:1      | Found a faded altar of an unknown god.
  1272 | D:1      | Reached XP level 3. HP: 18/23 MP: 6/6
  1276 | D:1      | Learned a level 3 spell: Spider Form
  1279 | D:1      | Learned a level 2 spell: Wereblood
  1689 | D:2      | Reached XP level 4. HP: 28/28 MP: 4/7
  2416 | D:2      | Reached skill level 4 in Unarmed Combat
  2756 | D:2      | Found a shadowy altar of Dithmenos.
  2819 | D:2      | Identified a scroll of acquirement
  2819 | D:2      | Acquired 1126 gold pieces
  2911 | D:3      | Noticed Robin
  2922 | D:3      | Killed Robin
  2923 | D:3      | Reached XP level 5. HP: 13/34 MP: 7/9
  3075 | D:3      | Noticed Grinder
  3080 | D:3      | Paralysed by Grinder for 4 turns
  3096 | D:3      | Paralysed by Grinder for 2 turns
  3101 | D:3      | Killed Grinder
  3102 | D:3      | Reached XP level 6. HP: 5/41 MP: 6/11
  4446 | D:4      | Found Taitiom's Antique Armour Emporium.
  4494 | D:4      | Noticed Natasha
  4519 | D:4      | Killed Natasha
  4617 | D:4      | Reached skill level 5 in Unarmed Combat
  4617 | D:4      | Reached XP level 7. HP: 28/45 MP: 12/12
  4651 | D:4      | Noticed Natasha
  4657 | D:4      | Killed Natasha
  4774 | D:4      | Noticed Natasha
  4790 | D:4      | Killed Natasha
  4900 | D:4      | Found a sand-covered staircase.
  4904 | Ossuary  | Entered an ossuary
  5193 | Ossuary  | Reached skill level 6 in Unarmed Combat
  5416 | D:5      | Entered Level 5 of the Dungeon
  5429 | D:5      | Reached XP level 8. HP: 52/52 MP: 5/14
  5847 | D:5      | Reached skill level 7 in Unarmed Combat
  6188 | D:6      | Reached skill level 5 in Spellcasting
  6188 | D:6      | Reached skill level 5 in Transmutations
  6193 | D:6      | Slain by a kobold brigand

Illustrated notes

Levels and vault maps discovered:
D:1:      dpeg_arrival_rooms_b, layout_loops_ring,
          chequers_ecumenical_altar_simple_redux, minmay_misc_feat_encased,
          minmay_heptomino_h4
D:2:      minmay_inner_zag, layout_loops_ring, basic_altar,
          amcnicky_mini_corridor_feature, minmay_worlds_worst_comb
D:3:      layout_loops_ring, uniq_grinder, uniq_robin
D:4:      layout_basic, nicolae_ossuary_entry_plus, serial_shops, shop_coins,
          uniq_natasha
D:5:      layout_cave_pools
D:6:      cheibrodos_fertilizer, layout_gridville,
          minmay_temple_entry_proselytizer, kennysheep_cluttered_room,
          uniq_blork_the_orc

Skill      XL: |  1  2  3  4  5  6  7  8 |
---------------+-------------------------+-----
Unarmed Combat | 4 5 6 7 |  7.3
Fighting       | 2 3 4 |  4.0
Spellcasting   | 3 4 5 |  5.0
Transmutations | 3 4 5 |  5.0
Dodging        | |  2.0
Poison Magic   | |  0.1

Action                   |  1- 3 |  4- 6 |  7- 9 || total
-------------------------+-------+-------+-------++-------
Melee: Unarmed           |    69 |   132 |   227 ||   428
       Constrict         |    19 |    26 |    44 ||    89
       Tentacles         |    14 |    15 |    28 ||    57
       Kick              |     3 |     8 |       ||    11
       Punch             |     2 |     2 |     8 ||    12
 Cast: Beastly Appendage |     4 |    18 |     1 ||    23
       Wereblood         |     2 |     5 |     8 ||    15
       Spider Form       |       |     2 |     5 ||     7
  Use: Scroll            |     2 |     6 |     7 ||    15
       Potion            |     1 |     1 |       ||     2
 Stab: Sleeping          |       |     7 |     2 ||     9
       Distracted        |       |     1 |       ||     1
Armor: Skin              |    15 |    15 |    61 ||    91
Dodge: Dodged            |    47 |    75 |   168 ||   290

Table legend: (Time is in decaauts)
 A = Elapsed time spent in this place.
 B = Non-inter-level travel time spent in this place.
 C = Inter-level travel time spent in this place.
 D = Time resting spent in this place.
 E = Time spent auto-exploring this place.
 F = Levels seen in this place.
 G = Mean time per level.
                   A        B        C        D        E       F      G
               +--------+--------+--------+--------+--------+-----+--------+
         Total |   6152 |   5994 |    158 |   1122 |   3357 |   7 |  878.9 |
       Dungeon |   5838 |   5680 |    158 |   1122 |   3248 |   6 |  973.0 |
       Ossuary |    313 |    313 |      0 |      0 |    109 |   1 |  313.0 |
               +--------+--------+--------+--------+--------+-----+--------+

Top non-repeatable levels by time:
     D:1: 1638 daAuts
     D:3: 1349 daAuts
     D:2: 1223 daAuts
     D:4: 860 daAuts
     D:5: 709 daAuts
 Ossuary: 313 daAuts
     D:6: 56 daAuts
